 Dungeon Crawl Stone Soup version 0.23-a0-398-g8eab93f (webtiles) character file.

34 Cryolive the Digger (level 3, -1/19 HPs)
             Began as a Gargoyle Earth Elementalist on Nov 2, 2018.
             Slain by a hobgoblin
             ... wielding a +0 club
              (4 damage)
             ... on level 1 of the Dungeon.
             The game lasted 00:02:11 (1325 turns).

Cryolive the Digger (Gargoyle Earth Elementalist)   Turns: 1325, Time: 00:02:11

Health: -1/19      AC:  5    Str: 11    XL:     3   Next: 31%
Magic:  3/7        EV: 12    Int: 16    God:
Gold:   41         SH:  0    Dex: 10    Spells: 6/7 levels left

rFire    . . .     SeeInvis .   (no weapon)
rCold    . . .     Gourm    .   (no shield)
rNeg     + . .     Faith    .   c - +0 robe
rPois    ∞         Spirit   .   (no helmet)
rElec    +         Reflect  .   (no cloak)
rCorr    .         Harm     .   (no gloves)
MR       .....                  (no boots)
Stlth    ++........             (no amulet)
HPRegen  0.06/turn              (no ring)
MPRegen  0.10/turn              (no ring)

@: no status effects
A: negative energy resistance 1, electricity resistance, unbreathing,
petrification resistance, rot immunity, AC +3
a: no special abilities


You were on level 1 of the Dungeon.
You were hungry.

You visited 1 branch of the dungeon, and saw 1 of its levels.

You collected 41 gold pieces.

Inventory:

Missiles
 b - 35 stones (quivered)
Armour
 c - a +0 robe (worn)
Scrolls
 a - 3 scrolls of identify {unknown}
 e - a scroll of teleportation {unknown}
 f - a scroll of immolation {unknown}
 g - a scroll of fear {unknown}
 i - 2 scrolls of remove curse {unknown}
 j - a scroll of noise {unknown}
 k - a scroll of enchant armour {unknown}
Potions
 h - a potion of curing {unknown}
 l - a potion of magic {unknown}
Comestibles
 d - 2 rations


   Skills:
 - Level 1.5 Dodging
 - Level 2.1 Stealth
 + Level 2.8 Spellcasting
   Level 0.7 Transmutations
 + Level 4.5 Earth Magic


You had 6 spell levels left.
You knew the following spells:

 Your Spells              Type           Power        Failure   Level  Hunger
a - Sandblast             Erth           ###...       3%          1    #......

Your spell library contained the following spells:

 Spells                   Type           Power        Failure   Level  Hunger
 Passwall                 Tmut/Erth      ##......     10%         2    ##.....
 Stone Arrow              Conj/Erth      #.....       22%         3    ###....
 Petrify                  Tmut/Erth      ##......     54%         4    #####..
 Lee's Rapid Deconstruct  Erth           ###.......   63%         5    ######.


Dungeon Overview and Level Annotations

Branches:
Dungeon (1/15)

Altars:


Innate Abilities, Weirdness & Mutations

You are resistant to torment.
Your stone body is resilient. (AC +3)
You are immune to poison.
You resist negative energy. (rN+)
You are resistant to electric shocks. (rElec)
You can survive without breathing.
You are immune to petrification.
You are immune to rotting.


Message History

The hobgoblin hits you with a +0 club. The ooze hits you.
* * * LOW HITPOINT WARNING * * *
Casting: Sandblast (safe; 3% risk of failure)
Confirm with . or Enter, or press ? or * to list all spells.
Aiming: Sandblast (safe; 3% risk of failure)
Press: ? - help, Shift-Dir - straight line, f/p - ooze
Aim: an ooze (severely wounded)
The blast of sand hits the ooze.
You kill the ooze!
b - 36 stones The hobgoblin closely misses you.
Casting: Sandblast (safe; 3% risk of failure)
Confirm with . or Enter, or press ? or * to list all spells.
Aiming: Sandblast (safe; 3% risk of failure)
Press: ? - help, Shift-Dir - straight line, f - hobgoblin
Aim: a hobgoblin, wielding a +0 club The blast of sand misses the hobgoblin.
b - 35 stones The hobgoblin hits you with a +0 club.
You die...

#.♣...♣...♣...♣.
#♣.♣.♣.♣.♣.♣.♣.♣
#...♣...♣...♣...
##♣.♣.♣.♣.♣.♣.♣.♣
#..♣...♣...♣...♣.
#.♣.♣.♣.♣.♣.♣.♣.♣
#(...♣...♣...♣...
########.♣.♣.♣.♣.♣.♣.♣.♣
......g@..♣...♣...♣...♣.
......%).♣.♣.♣.♣.♣.♣.♣.♣
............♣...♣...♣...
.........♣.♣.♣.♣.♣.♣.♣.♣
..........♣...♣...♣†..♣.
...........♣.♣.♣.♣.♣.♣..
.............###........
............#######.....
....#..........


You could see a hobgoblin.

Vanquished Creatures
  An ooze (D:1)
  A dart slug (D:1)
  A leopard gecko (D:1)
  3 giant cockroaches (D:1)
  2 goblins (D:1)
  3 hobgoblins (D:1)
  2 bats (D:1)
  2 frilled lizards (D:1)
  5 kobolds (D:1)
  5 rats (D:1)
25 creatures vanquished.

Notes
Turn   | Place    | Note
-------+----------+-------------------------------------------
     0 | D:1      | Cryolive the Gargoyle Earth Elementalist began the quest
                  | for the Orb.
     0 | D:1      | Reached XP level 1. HP: 10/10 MP: 3/3
   275 | D:1      | Reached XP level 2. HP: 12/15 MP: 5/5
   317 | D:1      | Reached skill level 4 in Earth Magic
  1156 | D:1      | Reached XP level 3. HP: 8/19 MP: 3/6
  1325 | D:1      | Slain by a hobgoblin

Vault maps used:
D:1:      matt_arrival_grand_opening, kennysheep_crisscross, minmay_pentomino_r4

Skill      XL: |  1  2 |
---------------+-------+-----
Earth Magic    | 4 |  4.5
Dodging        | |  1.5
Stealth        | |  2.1
Spellcasting   | |  2.8
Transmutations | |  0.7

Action                   || total
-------------------------++-------
Melee: Unarmed           ||   147
 Cast: Sandblast         ||    25
 Stab: Sleeping          ||     1
  Eat: Chunk             ||     1
Armor: Robe              ||    72
Dodge: Dodged            ||   144

Table legend:
 A = Non-vault XP
 B = Vault XP
 C = Vault XP percentage of total XP
 D = Non-vault monster count
 E = Vault monster count
 F = Vault count percentage of total count
                 A         B        C        D         E       F
            +---------+---------+-------+---------+---------+-------
      Total |      45 |       4 |   8.2 |      22 |       3 |  12.0
            +---------+---------+-------+---------+---------+-------
        D:1 |      45 |       4 |   8.2 |      22 |       3 |  12.0
            +---------+---------+-------+---------+---------+-------
